Workbook

Sheet Financial Position
A1: ASSYNT DEVELOPMENT TRUST 26
A2: CONSOLIDATED POSITION | B2: Budgeted | C2: Actual | D2: Variance
B3: Jan - May 26 | C3: Jan - May 26
B4: £ | C4: £
A5: INCOME
A6: Donations | B6: =205+'Budgeted Cashflow Detail'!B6+'Budgeted Cashflow Detail'!C6 -> 305 | C6: =205+100 -> 305 | D6: =C6-B6 -> 0
A7: E-Bike Income | B7: =1150 -> 1150 | C7: =1150 -> 1150 | D7: =C7-B7 -> 0
A8: Interst Income | B8: =17.14+'Budgeted Cashflow Detail'!B8+'Budgeted Cashflow Detail'!C8 -> 27.14 | C8: =17.14+4.72 -> 21.86 | D8: =C8-B8 -> -5.28
A9: North West Highland Walkers Inc | B9: =117.27+'Budgeted Cashflow Detail'!B9+'Budgeted Cashflow Detail'!C9 -> 267.27 | C9: =117.27+176.79 -> 294.06 | D9: =C9-B9 -> 26.79
A10: Other Revenue | B10: =9050 -> 9050 | C10: =9050 -> 9050 | D10: =C10-B10 -> 0
A11: Restricted Grant | B11: =168294.79+'Budgeted Cashflow Detail'!B11+'Budgeted Cashflow Detail'!C11 -> 189207.29 | C11: =168294.79+15600.61 -> 183895.4 | D11: =C11-B11 -> -5311.89 | E11: Timing of Local Place Plan income - actually received June
A12: Total Income | B12: =SUM(B6:B11) -> 200006.7 | C12: =SUM(C6:C11) -> 194716.32 | D12: =SUM(D6:D11) -> -5290.38
A14: STAFF COSTS
A15: Direct Wages | B15: =8362+'Budgeted Cashflow Detail'!B15+'Budgeted Cashflow Detail'!C15 -> 14462 | C15: =8362.23+6039.23 -> 14401.46 | D15: =B15-C15 -> 60.54
A16: Pension Costs | B16: =283.7+'Budgeted Cashflow Detail'!B16+'Budgeted Cashflow Detail'!C16 -> 423.7 | C16: =283.7+162.91 -> 446.61 | D16: =B16-C16 -> -22.91
A17: Total Staff Costs | B17: =SUM(B15:B16) -> 14885.7 | C17: =SUM(C15:C16) -> 14848.07 | D17: =SUM(D15:D16) -> 37.63
A20: NON-STAFF EXPENDITURE
A21: Direct Expenses | B21: =12227+'Budgeted Cashflow Detail'!B21+'Budgeted Cashflow Detail'!C21 -> 28025.66 | C21: =12227+283 -> 12510 | D21: =B21-C21 -> 15515.66 | E21: Budget includes amount for RLUP, actual spend will be coded against relevent category below
A22: Food Larder Supplies | B22: =1441.19+'Budgeted Cashflow Detail'!B22+'Budgeted Cashflow Detail'!C22 -> 2441.19 | C22: =1441.19+615.63 -> 2056.82 | D22: =B22-C22 -> 384.37
A23: Contractor Costs | B23: =65633.4+'Budgeted Cashflow Detail'!B23+'Budgeted Cashflow Detail'!C23 -> 72858.4 | C23: =65633.4+7252.5 -> 72885.9 | D23: =B23-C23 -> -27.5
A24: Audit & Accountancy Fees | B24: ='Budgeted Cashflow Detail'!B24+'Budgeted Cashflow Detail'!C24 -> 1500 | C24: 1200 | D24: =B24-C24 -> 300
A25: Advertising & Marketing | B25: =500+'Budgeted Cashflow Detail'!B25+'Budgeted Cashflow Detail'!C25 -> 500 | C25: =500 -> 500 | D25: =B25-C25 -> 0
A26: Awards | B26: =1480+'Budgeted Cashflow Detail'!B26+'Budgeted Cashflow Detail'!C26 -> 2980 | C26: =1480 -> 1480 | D26: =B26-C26 -> 1500
A27: Bank Fees | B27: =26.95+'Budgeted Cashflow Detail'!B27+'Budgeted Cashflow Detail'!C27 -> 46.95 | C27: =26.95+26.95 -> 53.9 | D27: =B27-C27 -> -6.95
A28: Governance & Board costs | B28: =4.65+'Budgeted Cashflow Detail'!B28+'Budgeted Cashflow Detail'!C28 -> 44.65 | C28: =4.65 -> 4.65 | D28: =B28-C28 -> 40
A29: Insurance | B29: =2521.45+'Budgeted Cashflow Detail'!B29+'Budgeted Cashflow Detail'!C29 -> 2521.45 | C29: =2521.45 -> 2521.45 | D29: =B29-C29 -> 0
A30: IT Software & consumables | B30: =461.22+'Budgeted Cashflow Detail'!B30+'Budgeted Cashflow Detail'!C30 -> 555.22 | C30: =461.22+134.08 -> 595.3 | D30: =B30-C30 -> -40.08
A31: Professional Fees | B31: =52133.75+'Budgeted Cashflow Detail'!B31+'Budgeted Cashflow Detail'!C31 -> 95141.79 | C31: =52133.75+170.4+20880 -> 73184.15 | D31: =B31-C31 -> 21957.64 | E31: includes £170 for PPL PRS Music Licence. Timing of spend for Prof fees for Glebe land.
A32: Room Hire | B32: =60+'Budgeted Cashflow Detail'!B32+'Budgeted Cashflow Detail'!C32 -> 100 | C32: =60+1250 -> 1310 | D32: =B32-C32 -> -1210
A33: Staff Training | B33: =2486.05+'Budgeted Cashflow Detail'!B33+'Budgeted Cashflow Detail'!C33 -> 2486.05 | C33: =2486.05 -> 2486.05 | D33: =B33-C33 -> 0
A34: Subscriptions | B34: =137+'Budgeted Cashflow Detail'!B34+'Budgeted Cashflow Detail'!C34 -> 257 | C34: =137+15 -> 152 | D34: =B34-C34 -> 105
A35: Telephone & Internet | B35: =253.51+'Budgeted Cashflow Detail'!B35+'Budgeted Cashflow Detail'!C35 -> 429.51 | C35: =253.51+178.28 -> 431.79 | D35: =B35-C35 -> -2.28
A36: Travel & Subsistence | B36: =849.6+'Budgeted Cashflow Detail'!B36+'Budgeted Cashflow Detail'!C36 -> 849.6 | C36: =849.6+496.4 -> 1346 | D36: =B36-C36 -> -496.4
A37: Website Costs | B37: =7342.17+'Budgeted Cashflow Detail'!B37+'Budgeted Cashflow Detail'!C37 -> 7368.17 | C37: =7342.17+2083.98 -> 9426.15 | D37: =B37-C37 -> -2057.98
A38: Total Non-Staff Costs | B38: =SUM(B21:B37) -> 218105.64 | C38: =SUM(C21:C37) -> 182144.16 | D38: =SUM(D21:D37) -> 35961.48
A40: Surplus/(Deficit) | B40: =B12-B17-B38 -> -32984.64 | C40: =C12-C17-C38 -> -2275.91
A43: Closing Bank Balance | B43: 16593 | C43: 30571.88

Sheet Cash Graph

Sheet Budgeted Cashflow Detail
A1: ASSYNT DEVELOPMENT TRUST 26/27
A2: CONSOLIDATED CASHFLOW | B2: Budgeted | C2: Budgeted | D2: Budgeted | E2: Budgeted | F2: Budgeted | G2: Budgeted | H2: Budgeted | I2: Budgeted | J2: Budgeted | K2: Budgeted | L2: Budgeted | M2: Budgeted | N2: Budgeted | O2: Budgeted | P2: Budgeted | Q2: Budgeted | R2: Budgeted | S2: Budgeted
B3: 46113 | C3: 46143 | D3: 46174 | E3: 46204 | F3: 46235 | G3: 46266 | H3: 46296 | I3: 46327 | J3: 46357 | K3: 46388 | L3: 46419 | M3: 46447 | N3: 46478 | O3: 46508 | P3: 46539 | Q3: 46569 | R3: 46600 | S3: 46631 | T3: Total
B4: £ | C4: £ | D4: £ | E4: £ | F4: £ | G4: £ | H4: £ | I4: £ | J4: £ | K4: £ | L4: £ | M4: £ | N4: £ | O4: £ | P4: £ | Q4: £ | R4: £ | S4: £ | T4: £
A5: INCOME
A6: Donations | B6: 50 | C6: 50 | D6: 105 | E6: 50 | F6: 50 | G6: 105 | H6: 50 | I6: 50 | J6: 105 | K6: 50 | L6: 50 | M6: 105 | N6: 50 | O6: 50 | P6: 105 | Q6: 50 | R6: 50 | S6: 105 | T6: 1230
A7: E-Bike Income | B7: 0 | C7: 0 | D7: 0 | E7: 0 | F7: 0 | G7: 0 | H7: 0 | I7: 0 | J7: 0 | K7: 0 | L7: 0 | M7: 0 | N7: 0 | O7: 0 | P7: 0 | Q7: 0 | R7: 0 | S7: 0 | T7: 0
A8: Interst Income | B8: 5 | C8: 5 | D8: 5 | E8: 5 | F8: 5 | G8: 5 | H8: 5 | I8: 5 | J8: 5 | K8: 5 | L8: 5 | M8: 5 | N8: 5 | O8: 5 | P8: 5 | Q8: 5 | R8: 5 | S8: 5 | T8: 90
A9: North West Highland Walkers Inc | B9: 150 | C9: 0 | D9: 0 | E9: 150 | F9: - | G9: - | H9: 150 | I9: - | J9: - | K9: 150 | L9: - | M9: - | N9: 150 | O9: - | P9: - | Q9: 150 | R9: - | S9: - | T9: 900
A10: Other Revenue | B10: 0 | C10: 0 | D10: 0 | E10: - | F10: - | G10: - | H10: - | I10: - | J10: - | K10: - | L10: - | M10: 421666.67 | N10: 416666.67 | O10: 416666.67 | P10: 416666.67 | Q10: 416666.67 | R10: 416666.67 | S10: 416666.67 | T10: 2921666.7
A11: Restricted Grant | B11: 20912.5 | C11: 0 | D11: 41073 | E11: 32275 | F11: 29950.57 | G11: 23539 | H11: 29710 | I11: - | J11: - | K11: 27710 | L11: - | M11: - | N11: 46405 | O11: - | P11: - | Q11: 32960 | R11: - | S11: 18808 | T11: 303343.07
A12: Total Income | B12: 21117.5 | C12: 55 | D12: 41183 | E12: 32480 | F12: 30005.57 | G12: 23649 | H12: 29915 | I12: 55 | J12: 110 | K12: 27915 | L12: 55 | M12: 421776.67 | N12: 463276.67 | O12: 416721.67 | P12: 416776.67 | Q12: 449831.67 | R12: 416721.67 | S12: 435584.67 | T12: 3227229.7
A14: STAFF COSTS
A15: Direct Wages | B15: 3050 | C15: 3050 | D15: 3050 | E15: 3050 | F15: 3050 | G15: 3050 | H15: 3050 | I15: 3050 | J15: 3050 | K15: 3050 | L15: 3050 | M15: 3050 | N15: 3050 | O15: 3050 | P15: 3050 | Q15: 3050 | R15: 3050 | S15: 3050 | T15: 54900
A16: Pension Costs | B16: 70 | C16: 70 | D16: 70 | E16: 70 | F16: 70 | G16: 70 | H16: 70 | I16: 70 | J16: 70 | K16: 70 | L16: 70 | M16: 70 | N16: 70 | O16: 70 | P16: 70 | Q16: 70 | R16: 70 | S16: 70 | T16: 1260
A17: Total Staff Costs | B17: 3120 | C17: 3120 | D17: 3120 | E17: 3120 | F17: 3120 | G17: 3120 | H17: 3120 | I17: 3120 | J17: 3120 | K17: 3120 | L17: 3120 | M17: 3120 | N17: 3120 | O17: 3120 | P17: 3120 | Q17: 3120 | R17: 3120 | S17: 3120 | T17: 56160
A20: NON-STAFF EXPENDITURE
A21: Direct Expenses | B21: 8190.33 | C21: 7608.33 | D21: 9969.33 | E21: 6086.67 | F21: 6086.67 | G21: 6086.67 | H21: 6086.67 | I21: 6086.67 | J21: 6086.67 | K21: 10651.67 | L21: 10651.67 | M21: 10651.67 | N21: 7836.67 | O21: 7836.67 | P21: 7836.67 | Q21: 6269.33 | R21: 6269.33 | S21: 6269.33 | T21: 136561
A22: Food Larder Supplies | B22: 500 | C22: 500 | D22: 500 | E22: 500 | F22: 500 | G22: 500 | H22: 500 | I22: 500 | J22: 500 | K22: 500 | L22: 500 | M22: 500 | N22: 500 | O22: 500 | P22: 500 | Q22: 500 | R22: 500 | S22: 500 | T22: 9000
A23: Contractor Costs | B23: 7225 | C23: 0 | D23: 4190 | E23: - | F23: - | G23: - | H23: - | I23: - | J23: - | K23: - | L23: - | M23: 416666.67 | N23: 416666.67 | O23: 416666.67 | P23: 416666.67 | Q23: 416666.67 | R23: 416666.67 | S23: 416666.67 | T23: 2928081.7
A24: Audit & Accountancy Fees | B24: 750 | C24: 750 | D24: 750 | E24: 750 | F24: 750 | G24: 750 | H24: 750 | I24: 750 | J24: 1750 | K24: 750 | L24: 750 | M24: 750 | N24: - | O24: - | P24: - | Q24: - | R24: - | S24: - | T24: 10000
A25: Advertising & Marketing | B25: 0 | C25: 0 | D25: - | E25: - | F25: - | G25: - | H25: - | I25: - | J25: - | K25: - | L25: - | M25: - | N25: - | O25: - | P25: - | Q25: - | R25: - | S25: - | T25: -
A26: Awards | B26: 500 | C26: 1000 | D26: 500 | E26: - | F26: - | G26: - | H26: - | I26: - | J26: - | K26: - | L26: - | M26: - | N26: 500 | O26: 1000 | P26: 500 | Q26: - | R26: - | S26: - | T26: 4000
A27: Bank Fees | B27: 10 | C27: 10 | D27: 10 | E27: 10 | F27: 10 | G27: 10 | H27: 10 | I27: 10 | J27: 10 | K27: 10 | L27: 10 | M27: 10 | N27: 10 | O27: 10 | P27: 10 | Q27: 10 | R27: 10 | S27: 10 | T27: 180
A28: Governance & Board costs | B28: 40 | C28: 0 | D28: - | E28: 40 | F28: - | G28: - | H28: 40 | I28: - | J28: - | K28: 40 | L28: - | M28: - | N28: 40 | O28: - | P28: - | Q28: 40 | R28: - | S28: - | T28: 240
A29: Insurance | B29: 0 | C29: 0 | D29: - | E29: - | F29: - | G29: - | H29: - | I29: - | J29: - | K29: - | L29: - | M29: 3000 | N29: - | O29: - | P29: - | Q29: - | R29: - | S29: - | T29: 3000
A30: IT Software & consumables | B30: 47 | C30: 47 | D30: 47 | E30: 47 | F30: 47 | G30: 47 | H30: 47 | I30: 47 | J30: 47 | K30: 47 | L30: 47 | M30: 47 | N30: 47 | O30: 47 | P30: 47 | Q30: 47 | R30: 47 | S30: 47 | T30: 846
A31: Professional Fees | B31: 9790 | C31: 33218.04 | D31: 26996.04 | E31: 20312.04 | F31: 11348.04 | G31: 13521.04 | H31: 750 | I31: 750 | J31: 750 | K31: 750 | L31: 750 | M31: 750 | N31: - | O31: - | P31: - | Q31: - | R31: - | S31: - | T31: 119685.18
A32: Room Hire | B32: 20 | C32: 20 | D32: 20 | E32: 20 | F32: 20 | G32: 20 | H32: 20 | I32: 20 | J32: 20 | K32: 20 | L32: 20 | M32: 20 | N32: 20 | O32: 20 | P32: 20 | Q32: 20 | R32: 20 | S32: 20 | T32: 360
A33: Staff Training | B33: 0 | C33: 0 | D33: - | E33: - | F33: - | G33: - | H33: - | I33: - | J33: - | K33: - | L33: - | M33: - | N33: - | O33: - | P33: - | Q33: - | R33: - | S33: - | T33: -
A34: Subscriptions | B34: 120 | C34: 0 | D34: - | E34: - | F34: - | G34: - | H34: 420 | I34: - | J34: - | K34: - | L34: - | M34: 130 | N34: 120 | O34: - | P34: - | Q34: - | R34: - | S34: - | T34: 790
A35: Telephone & Internet | B35: 88 | C35: 88 | D35: 88 | E35: 88 | F35: 88 | G35: 88 | H35: 88 | I35: 88 | J35: 88 | K35: 88 | L35: 88 | M35: 88 | N35: 88 | O35: 88 | P35: 88 | Q35: 88 | R35: 88 | S35: 88 | T35: 1584
A36: Travel & Subsistence | B36: 0 | C36: 0 | D36: - | E36: - | F36: - | G36: - | H36: - | I36: - | J36: - | K36: - | L36: - | M36: - | N36: - | O36: - | P36: - | Q36: - | R36: - | S36: - | T36: -
A37: Website Costs | B37: 13 | C37: 13 | D37: 9535 | E37: 13 | F37: 13 | G37: 13 | H37: 13 | I37: 13 | J37: 13 | K37: 88 | L37: 13 | M37: 13 | N37: 13 | O37: 13 | P37: 13 | Q37: 13 | R37: 13 | S37: 13 | T37: 9831
A38: Total Non-Staff Costs | B38: 27293.33 | C38: 43254.37 | D38: 52605.37 | E38: 27866.7 | F38: 18862.7 | G38: 21035.7 | H38: 8724.67 | I38: 8264.67 | J38: 9264.67 | K38: 12944.67 | L38: 12829.67 | M38: 432626.33 | N38: 425841.33 | O38: 426181.33 | P38: 425681.33 | Q38: 423654 | R38: 423614 | S38: 423614 | T38: 3224158.9
A40: Surplus/(Deficit) | B40: -9295.83 | C40: -46319.37 | D40: -14542.37 | E40: 1493.3 | F40: 8022.87 | G40: -506.7 | H40: 18070.33 | I40: -11329.67 | J40: -12274.67 | K40: 11850.33 | L40: -15894.67 | M40: -13969.67 | N40: 34315.33 | O40: -12579.67 | P40: -12024.67 | Q40: 23057.67 | R40: -10012.33 | S40: 8850.67 | T40: -53089.11
A42: Opening Bank Balance | B42: 72208.23 | C42: 62912.4 | D42: 16593.03 | E42: 2050.66 | F42: 3543.96 | G42: 11566.82 | H42: 11060.12 | I42: 29130.45 | J42: 17800.79 | K42: 5526.12 | L42: 17376.45 | M42: 1481.79 | N42: -12487.88 | O42: 21827.45 | P42: 9247.79 | Q42: -2776.88 | R42: 20280.79 | S42: 10268.45
A44: Movement | B44: -9295.83 | C44: -46319.37 | D44: -14542.37 | E44: 1493.3 | F44: 8022.87 | G44: -506.7 | H44: 18070.33 | I44: -11329.67 | J44: -12274.67 | K44: 11850.33 | L44: -15894.67 | M44: -13969.67 | N44: 34315.33 | O44: -12579.67 | P44: -12024.67 | Q44: 23057.67 | R44: -10012.33 | S44: 8850.67
A46: Closing Bank Balance | B46: 62912.4 | C46: 16593.03 | D46: 2050.66 | E46: 3543.96 | F46: 11566.82 | G46: 11060.12 | H46: 29130.45 | I46: 17800.79 | J46: 5526.12 | K46: 17376.45 | L46: 1481.79 | M46: -12487.88 | N46: 21827.45 | O46: 9247.79 | P46: -2776.88 | Q46: 20280.79 | R46: 10268.45 | S46: 19119.12
